 Dungeon Crawl Stone Soup version 0.29.1-1-gd02db6906a (webtiles) character file.

Game seed: 11669769152617336485

192 GigaChad the Covered (level 5, 0/47 HPs)
             Began as a Minotaur Fighter on Oct 6, 2022.
             Was a Believer of Lugonu.
             Slain by TheSexyCheese's ghost (8 damage)
             ... on level 4 of the Dungeon.
             The game lasted 00:06:41 (3284 turns).

GigaChad the Covered (Minotaur Fighter)             Turns: 3284, Time: 00:06:41

Health: 0/47       AC: 12    Str: 23    XL:     5   Next: 42%
Magic:  4/4        EV:  5    Int:  5    God:    Lugonu [**....]
Gold:   158        SH:  8    Dex:  9    Spells: 4/4 levels left

rFire   . . .      SeeInvis .   a - +0 long sword
rCold   . . .      Faith    .   g - +0 kite shield
rNeg    . . .      Spirit   .   r - +0 plate armour
rPois   .          Reflect  .   (helmet restricted)
rElec   .          Harm     .   (no cloak)
rCorr   .          Rampage  .   (no gloves)
Will    .....                   (no boots)
Stlth   ..........              (no amulet)
HPRegen 0.15/turn               (no ring)
MPRegen 0.09/turn               (no ring)

@: no status effects
A: horns 2, retaliatory headbutt
a: Renounce Religion, Depart the Abyss, Bend Space


You were on level 4 of the Dungeon.
You worshipped Lugonu.
Lugonu was pleased with you.
You visited 1 branch of the dungeon, and saw 4 of its levels.

You collected 158 gold pieces.

Inventory:

Hand Weapons
 a - a +0 long sword (weapon)
 n - a +0 bardiche
Armour
 b - a +0 scale mail
 c - a +0 buckler
 g - a +0 kite shield (worn)
 r - a +0 plate armour (worn)
Jewellery
 o - a ring of wizardry
Wands
 t - a wand of polymorph (6)
Scrolls
 e - 2 scrolls of teleportation
 f - 6 scrolls of identify
 j - a scroll of vulnerability
 l - a scroll of blinking {unknown}
 m - a scroll of amnesia
 s - a scroll of butterflies {unknown}
Potions
 d - 2 potions of might
 h - 2 potions of curing {unknown}
 i - a potion of magic {unknown}
 k - a potion of ambrosia {unknown}
 p - a potion of flight {unknown}
 q - a potion of brilliance {unknown}


   Skills:
 + Level 4.5 Fighting
 + Level 4.2 Long Blades
 + Level 5.0 Armour
 + Level 1.2 Dodging
 + Level 4.5 Shields


You had 4 spell levels left.
You didn't know any spells.
Your spell library was empty.

Dungeon Overview and Level Annotations

Branches:
Dungeon (4/15)
 Temple: D:4-7

Altars:
Lugonu

Shops:
D:3 ?[*

Annotations:
D:4 TheSexyCheese's ghost, amateur HOFi


Innate Abilities, Weirdness & Mutations

You have a pair of horns on your head.
You reflexively headbutt those who attack you in melee.


Message History

The scorpion stings you but does no damage.
You block TheSexyCheese's ghost's attack.
The iguana barely misses you.
The scorpion stings you but does no damage.
You hit TheSexyCheese's ghost but do no damage.
TheSexyCheese's ghost is heavily damaged.
You feel sick.
You are no longer poisoned.
TheSexyCheese's ghost hits you!
The iguana bites you but does no damage.
The scorpion stings you but does no damage.
You block TheSexyCheese's ghost's attack.
The iguana bites you but does no damage.
You closely miss TheSexyCheese's ghost. You headbutt TheSexyCheese's ghost.
TheSexyCheese's ghost is heavily damaged.
The scorpion barely misses you.
TheSexyCheese's ghost hits you but does no damage.
The iguana bites you.
The scorpion stings you but does no damage.
You closely miss TheSexyCheese's ghost.
TheSexyCheese's ghost is heavily damaged.
The scorpion stings you.
TheSexyCheese's ghost hits you but does no damage.
The iguana bites you!
* * * LOW HITPOINT WARNING * * *
You hit TheSexyCheese's ghost.
Your headbutt misses TheSexyCheese's ghost.
TheSexyCheese's ghost is heavily damaged.
The scorpion barely misses you.
TheSexyCheese's ghost screams, "I'll kill anyone who wants the ORB!"
You block TheSexyCheese's ghost's attack.
The iguana bites you but does no damage.
The scorpion stings you but does no damage.
TheSexyCheese's ghost hits you but does no damage.
The iguana bites you but does no damage.
You hit TheSexyCheese's ghost but do no damage.
Your headbutt misses TheSexyCheese's ghost.
TheSexyCheese's ghost is heavily damaged.
You block the scorpion's attack. TheSexyCheese's ghost hits you!
You die...

.. #.## ... ...#
.... ...#
#######..##
......#...#
......#...#####
!.....'.....g..
#.$.....s.)###
#.......W@...#
#.......#l...#
.......#....###.
#########.......<
.................
.................
####...........
##.#######.# #.#
.#


You could see a scorpion, an iguana and TheSexyCheese's ghost.

Vanquished Creatures
  A howler monkey (D:2)
  An orc priest (D:2)
  A gnoll (D:1)
  2 adders (D:2)
  A worm (D:2)
  3 dart slugs
  7 orcs
  7 endoplasms
  2 giant cockroaches (D:2)
  9 goblins
  3 hobgoblins
  10 jackals
  2 kobolds (D:2)
  3 quokkas
  7 ball pythons
  7 bats
  A frilled lizard (D:2)
  8 rats
75 creatures vanquished.

Notes
Turn   | Place    | Note
-------+----------+-------------------------------------------
     0 | D:1      | GigaChad the Minotaur Fighter began the quest for the Orb.
     0 | D:1      | Reached XP level 1. HP: 19/19 MP: 0/0
    11 | D:1      | Reached XP level 2. HP: 16/27 MP: 1/1
    16 | D:1      | Reached skill level 4 in Armour
   518 | D:1      | Reached XP level 3. HP: 27/33 MP: 2/2
  1509 | D:2      | Reached XP level 4. HP: 30/41 MP: 3/3
  1680 | D:2      | Reached skill level 1 in Dodging
  1680 | D:2      | Reached XP level 5. HP: 5/47 MP: 4/4
  2563 | D:3      | Found a faded altar of an unknown god.
  2564 | D:3      | Found Yfior's Armour Emporium.
  2602 | D:3      | Prayed at the altar of an unknown god.
  2602 | D:3      | Became a worshipper of Lugonu the Unformed
  2602 | D:3      | Reached * piety under Lugonu
  2602 | D:3      | Reached ** piety under Lugonu
  2640 | D:3      | Found Fisoal's Magic Scroll Shop.
  2654 | D:3      | Reached skill level 5 in Armour
  2987 | D:3      | Found Larungydu's General Store.
  3256 | D:4      | Noticed TheSexyCheese's ghost (amateur HOFi)
  3258 | D:4      | Found a runed translucent gate.
  3258 | D:4      | Found a runed translucent gate.
  3260 | D:4      | Found a runed translucent gate.
  3284 | D:4      | Slain by TheSexyCheese's ghost

Illustrated notes

Levels and vault maps discovered:
D:1:      dpeg_arrival_windows_large_door, layout_basic
D:2:      layout_basic, hangedman_decor_push, minmay_fractal_squares_5
D:3:      layout_rooms, shapermc_ecumenical_altar_starsandcircs, serial_shops,
          nicolae_shop_advertising_works [nicolae_subvault_shop_adworks], shop,
          nicolae_lakefront_shop
D:4:      layout_loops_ring, gammafunk_ghost_split, kennysheep_generic_room_2

Skill      XL: |  1  2  3  4  5 |
---------------+----------------+-----
Armour         | 4 5 |  5.0
Shields        | 4 |  4.5
Fighting       | 4 |  4.5
Long Blades    | 3 4 |  4.2
Dodging        | 1 |  1.2

Action                   |  1- 3 |  4- 6 || total
-------------------------+-------+-------++-------
Melee: Long sword        |    86 |   106 ||   192
       Headbutt          |    13 |    11 ||    24
  Use: Scroll            |     2 |     1 ||     3
Armor: Scale mail        |    75 |    45 ||   120
       Plate armour      |       |    22 ||    22
Dodge: Dodged            |    55 |    55 ||   110
Block: Buckler           |     5 |       ||     5
       Kite shield       |    58 |    53 ||   111
